 Dungeon Crawl Stone Soup version 0.30-a0-141-g30f27751c5 (webtiles) character file.

Game seed: 9154205111053600302

1861 qw the Cleaver (level 9, -3/55 HPs)
             Began as a Gargoyle Fighter on Sept 25, 2022.
             Was an Initiate of Okawaru.
             Slain by an orc warrior
             ... wielding a +2 mace of venom
              (4 damage)
             ... on level 7 of the Dungeon.
             The game lasted 00:02:31 (6415 turns).

qw the Cleaver (Gargoyle Fighter)                   Turns: 6415, Time: 00:02:32

Health: -3/55      AC: 23    Str: 23    XL:     9   Next: 13%
Magic:  9/9        EV:  8    Int: 12    God:    Okawaru [......]
Gold:   438        SH:  4    Dex: 10    Spells: 8/8 levels left

rFire   + . .      SeeInvis .    Y - +0 war axe
rCold   + . .      Faith    .    c - +0 buckler
rNeg    + + .      Spirit   .    n - +0 chain mail
rPois   inf        Reflect  .    a - +0 helmet
rElec   +          Harm     .    b - +2 ratskin cloak {*Rats rPois rN+ Str-1 Int-1 Dex+1}
rCorr   .          Rampage  .    (no gloves)
Will    .....                    r - +2 pair of boots of Intuition {rPois rC+ Int+4}
Stlth   ..........               (no amulet)
HPRegen 0.18/turn                h - ring of protection from fire
MPRegen 0.11/turn                (no ring)

@: about to teleport
A: sickness immunity, AC +6, negative energy resistance 1, electricity
resistance, torment resistance 1, petrification resistance
a: Renounce Religion


You were on level 7 of the Dungeon.
You worshipped Okawaru.
Okawaru was noncommittal.
You visited 2 branches of the dungeon, and saw 8 of its levels.

You collected 438 gold pieces.


Innate Abilities, Weirdness & Mutations

You are immune to sickness and miasma.
Your stone body is resilient. (AC +6)
You are immune to poison.
You resist negative energy. (rN+)
You are resistant to electric shocks. (rElec)
You are resistant to unholy torment.
You are immune to petrification.


   Skills:
 - Level 6.0 Fighting
 - Level 9.1 Axes
 + Level 4.3 Armour
 - Level 1.8 Dodging
 - Level 4.0 Shields


You had 8 spell levels left.
You didn't know any spells.
Your spell library was empty.

Inventory:

Hand Weapons
 s - a +0 morningstar
 Y - a +0 war axe (weapon)
Armour
 a - a +0 helmet (worn)
 b - the +2 ratskin cloak (worn) {*Rats rPois rN+ Str-1 Int-1 Dex+1}
   (You acquired it on level 2 of the Dungeon)

   When the wearer is hurt, rats may emerge from it to assist them.
   Str:       It affects your strength (-1).
   Int:       It affects your intelligence (-1).
   Dex:       It affects your dexterity (+1).
   rPois:     It protects you from poison.
   rN:        It protects you from negative energy.
 c - a +0 buckler (worn)
 n - a +0 chain mail (worn)
 r - the +2 pair of boots of Intuition (worn) {rPois rC+ Int+4}
   (You acquired it on level 5 of the Dungeon)

   Int:       It affects your intelligence (+4).
   rC:        It protects you from cold.
   rPois:     It protects you from poison.
Jewellery
 h - a ring of protection from fire (left hand)
 p - a ring of ice
Scrolls
 e - a scroll of identify
 l - a scroll of teleportation
Potions
 d - a potion of might
 f - a potion of cancellation
 j - 2 potions of heal wounds
 k - a potion of lignification
 m - a potion of berserk rage {unknown}
 o - a potion of brilliance {unknown}

Dungeon Overview and Level Annotations

Branches:
Dungeon (7/15)             Temple (1/1) D:7

Altars:
Ashenzari
Dithmenos
Gozag
Kikubaaqudgha
Makhleb
Nemelex Xobeh
Okawaru
Qazlal
Ru
Trog
Uskayaw
Vehumet
Xom
Zin
The Shining One


Message History

A puff of flame appears from out of thin air!
The puff of flame hits you but does no damage.
You hit the orc warrior but do no damage.
The orc warrior is severely wounded.
You closely miss something.
The orc warrior hits you with a +0 war axe.
Something hits you but does no damage.
You closely miss the orc warrior.
The orc warrior is severely wounded.
You barely miss something. You block the orc warrior's attack.
Something hits you but does no damage.
You barely miss the orc warrior.
The orc warrior is severely wounded.
You barely miss something. The orc warrior completely misses you.
Something hits you but does no damage.
You hit the orc warrior but do no damage.
The orc warrior is severely wounded.
You barely miss something.
The orc warrior hits you with a +0 war axe.
Something hits you but does no damage.
You closely miss the orc warrior.
The orc warrior is severely wounded.
You miss something.
The orc warrior hits you with a +0 war axe.
Something hits you but does no damage. You block the orc warrior's attack.
Something completely misses you.
You hit the orc warrior.
The orc warrior is severely wounded.
You closely miss something.
The orc warrior hits you with a +0 war axe.
You hit the orc warrior but do no damage.
The orc warrior is severely wounded.
You barely miss the orc warrior.
The orc warrior hits you with a +0 war axe!
6415 ||| READING 2 scrolls of teleportation.
As you read the scroll of teleportation, it crumbles to dust.
You feel strangely unstable.
The orc warrior hits you with a +0 war axe.
The orc warrior hits you with a +2 mace of venom.
You die...

######## .......#
######.####### ####
###### ## #.......# #..
...... .# #######.# #.#
#....## ##
#.###@##......# #
#...oo#..$..... #.......#
####### #......## #.....#
###.....))..(..n ##>.P.P#
#...............
#..##.####...#.........##
#.P#...#P#...#.#.....n##
#....>.........##.....#


You could see 2 orc warriors.

Vanquished Creatures
  4 water moccasins
  2 ice beasts (D:5)
  3 black bears (D:6)
  2 necrophages
  3 scorpions
  A howler monkey (D:6)
  A jelly (D:5)
  4 hounds
  3 iguanas
  Terence (D:2)
  Jessica (D:2)
  10 adders
  A river rat (D:5)
  A shadow imp (D:6)
  2 white imps (D:6)
  2 ufetubi
  3 worms
  4 dart slugs
  10 orcs
  7 ball pythons
  8 bats
  6 endoplasms
  3 giant cockroaches
  2 goblins
  10 hobgoblins
  7 kobolds
  8 quokkas
  A frilled lizard (D:2)
  6 rats
116 creatures vanquished.

Vanquished Creatures (collateral kills)
  A water moccasin (D:5)
  An orc priest (D:3)
  An orc (D:3)
3 creatures vanquished.

Grand Total: 119 creatures vanquished

Notes
Turn   | Place    | Note
-------+----------+-------------------------------------------
     0 | D:1      | qw the Gargoyle Fighter began the quest for the Orb.
     0 | D:1      | Reached XP level 1. HP: 14/14 MP: 1/1
     0 | D:1      | 0 ||| qw: Version: 0.2-a-10-g399e6c4
     0 | D:1      | 0 ||| qw: Game counter: 161
     0 | D:1      | 0 ||| qw: Always use a shield: true
     0 | D:1      | 0 ||| qw: God list: Okawaru
     0 | D:1      | 0 ||| qw: Allow faded altars: false
     0 | D:1      | 0 ||| qw: Do Orc after D:15 true
     0 | D:1      | 0 ||| qw: Do second Lair branch before Depths: true
     0 | D:1      | 0 ||| qw: Lair rune preference: random
     0 | D:1      | 0 ||| qw: Plans: Normal, Zot:1-4, God:TSO, Crypt, Tomb,
                  | Pan, Slime:5, Hells, Abyss, Orb
     0 | D:1      | 0 ||| PLANNING D:1-11
    18 | D:1      | 18 ||| Stepping ~*~*~tactically~*~*~ (hiding).
    24 | D:1      | Reached skill level 2 in Axes
   225 | D:1      | Reached XP level 2. HP: 17/19 MP: 2/2
   792 | D:1      | Reached skill level 3 in Axes
   930 | D:1      | Reached XP level 3. HP: 23/23 MP: 3/3
  1051 | D:1      | Found a faded altar of an unknown god.
  1311 | D:1      | 1311 ||| UPGRADING to amulet of guardian spirit.
  1316 | D:1      | 1316 ||| READING scroll labelled LIKEFE ONIE.
  1317 | D:1      | 1317 ||| READING scroll labelled EBAEGA TITUS.
  1318 | D:1      | 1318 ||| READING scroll labelled GILOYN ZODIYR.
  1347 | D:2      | 1347 ||| Stepping ~*~*~tactically~*~*~ (stealth).
  1808 | D:2      | Reached XP level 4. HP: 28/28 MP: 4/4
  1812 | D:2      | Reached skill level 4 in Axes
  2057 | D:2      | Noticed Terence
  2058 | D:2      | 2058 ||| Stepping ~*~*~tactically~*~*~ (stealth).
  2060 | D:2      | 2060 ||| Stepping ~*~*~tactically~*~*~ (stealth).
  2077 | D:2      | Killed Terence
  2224 | D:2      | 2224 ||| DROPPING +0 whip.
  2295 | D:2      | Noticed Jessica
  2299 | D:2      | Killed Jessica
  2300 | D:2      | Reached XP level 5. HP: 27/32 MP: 3/5
  2466 | D:2      | 2466 ||| UPGRADING to +0 helmet.
  2471 | D:2      | 2471 ||| UPGRADING to +0 chain mail.
  2481 | D:2      | 2481 ||| DROPPING +0 scale mail.
  2482 | D:2      | 2482 ||| READING scroll labelled ICILLU POMN.
  2482 | D:2      | Identified a scroll of acquirement
  2482 | D:2      | 2482 ||| ACQUIRING +2 ratskin cloak {*Rats rPois rN+ Str-1
                  | Int-1 Dex+1}
  2482 | D:2      | Acquired the +2 ratskin cloak {*Rats rPois rN+ Str-1 Int-1
                  | Dex+1}
  2482 | D:2      | Found the +2 ratskin cloak {*Rats rPois rN+ Str-1 Int-1
                  | Dex+1}
  2484 | D:2      | 2484 ||| UPGRADING to +2 ratskin cloak {*Rats rPois rN+
                  | Str-1 Int-1 Dex+1}.
  2489 | D:2      | 2489 ||| READING scroll labelled ZOFAUSSA VYETUPTUI.
  2490 | D:2      | 2490 ||| READING 2 scrolls labelled TUTEQUTWAL.
  2491 | D:2      | 2491 ||| READING 2 scrolls labelled JIHUOT PAWOAL.
  2494 | D:2      | 2494 ||| READING scroll labelled NAJUURUDOC.
  2495 | D:2      | 2495 ||| READING 3 scrolls of identify.
  2495 | D:2      | 2495 ||| IDENTIFYING sapphire potion
  2496 | D:2      | 2496 ||| READING 2 scrolls of identify.
  2496 | D:2      | 2496 ||| IDENTIFYING murky dark potion
  2497 | D:2      | 2497 ||| DROPPING potion of degeneration.
  2498 | D:2      | 2498 ||| DROPPING scroll of immolation.
  2741 | D:3      | 2741 ||| READING scroll of acquirement.
  2741 | D:3      | 2741 ||| ACQUIRING ring of ice
  2741 | D:3      | Acquired a ring of ice
  2743 | D:3      | 2743 ||| DROPPING ring of flight.
  2790 | D:3      | Reached skill level 5 in Axes
  2823 | D:3      | 2823 ||| DROPPING +0 flail.
  2912 | D:3      | Found an ancient bone altar of Kikubaaqudgha.
  2920 | D:3      | 2920 ||| Stepping ~*~*~tactically~*~*~ (stealth).
  2923 | D:3      | 2923 ||| Stepping ~*~*~tactically~*~*~ (stealth).
  3082 | D:3      | Reached XP level 6. HP: 38/38 MP: 6/6
  3143 | D:3      | 3143 ||| READING 4 scrolls of identify.
  3143 | D:3      | 3143 ||| IDENTIFYING clear potion
  3144 | D:3      | 3144 ||| READING 3 scrolls of identify.
  3144 | D:3      | 3144 ||| IDENTIFYING bubbling blue potion
  3145 | D:3      | 3145 ||| READING 2 scrolls of identify.
  3145 | D:3      | 3145 ||| IDENTIFYING sedimented clear potion
  3146 | D:3      | 3146 ||| DROPPING potion of flight.
  3147 | D:3      | 3147 ||| DROPPING potion of magic.
  3241 | D:4      | 3241 ||| Stepping ~*~*~tactically~*~*~ (hiding).
  3827 | D:4      | 3827 ||| UPGRADING to ring of protection from fire.
  3828 | D:4      | 3828 ||| READING scroll labelled DOICIPR JING.
  3832 | D:5      | Entered Level 5 of the Dungeon
  3833 | D:5      | 3833 ||| PLANNING SEWER
  3907 | D:5      | Noticed an ice beast
  3919 | D:5      | Killed an ice beast
  3920 | D:5      | Reached skill level 6 in Axes
  3920 | D:5      | Reached XP level 7. HP: 43/43 MP: 7/7
  3954 | D:5      | Reached skill level 1 in Dodging
  4241 | D:5      | Reached skill level 7 in Axes
  4388 | D:5      | 4388 ||| READING scroll of acquirement.
  4388 | D:5      | 4388 ||| ACQUIRING +2 pair of boots of Intuition {rPois rC+
                  | Int+4}
  4388 | D:5      | Acquired the +2 pair of boots of Intuition {rPois rC+
                  | Int+4}
  4390 | D:5      | 4390 ||| UPGRADING to +2 pair of boots of Intuition {rPois
                  | rC+ Int+4}.
  4495 | D:5      | 4495 ||| RIP SEWER
  4509 | D:5      | 4509 ||| PLANNING D:1-11
  4528 | D:5      | Reached XP level 8. HP: 37/49 MP: 6/8
  4737 | D:5      | 4737 ||| Stepping ~*~*~tactically~*~*~ (water).
  4905 | D:5      | 4905 ||| READING scroll labelled MAMIYRPH VAQO.
  4906 | D:5      | 4906 ||| READING 2 scrolls of identify.
  4906 | D:5      | 4906 ||| IDENTIFYING ruby potion
  5136 | D:6      | 5136 ||| Stepping ~*~*~tactically~*~*~ (stealth).
  5146 | D:6      | Reached skill level 8 in Axes
  5154 | D:6      | 5154 ||| Stepping ~*~*~tactically~*~*~ (hiding).
  5177 | D:6      | 5177 ||| FLEEEEING.
  5297 | D:6      | Reached skill level 6 in Fighting
  5314 | D:6      | 5314 ||| DROPPING +1 vorpal flail.
  5622 | D:6      | Reached XP level 9. HP: 55/55 MP: 9/9
  5699 | D:6      | Found an opulent altar of Gozag.
  5848 | D:6      | 5848 ||| READING scroll labelled SUUMICHE QYOC.
  5849 | D:6      | 5849 ||| READING 2 scrolls of identify.
  5849 | D:6      | 5849 ||| IDENTIFYING emerald potion
  5943 | D:7      | Reached skill level 9 in Axes
  6112 | D:7      | Found a staircase to the Ecumenical Temple.
  6113 | D:7      | 6113 ||| PLANNING TEMPLE
  6113 | D:7      | 6113 ||| READING scroll labelled VOUSAM EREF.
  6120 | Temple   | Entered the Ecumenical Temple
  6121 | Temple   | 6121 ||| PLANNING OKAWARU WORSHIP
  6303 | Temple   | Became a worshipper of Warmaster Okawaru
  6304 | Temple   | 6304 ||| PLANNING D:1-11
  6304 | Temple   | 6304 ||| REMOVING amulet of guardian spirit.
  6309 | Temple   | 6309 ||| DROPPING amulet of guardian spirit.
  6386 | D:7      | 6386 ||| Stepping ~*~*~tactically~*~*~ (stealth).
  6387 | D:7      | 6387 ||| Stepping ~*~*~tactically~*~*~ (hiding).
  6388 | D:7      | 6388 ||| Stepping ~*~*~tactically~*~*~ (stealth).
  6390 | D:7      | 6390 ||| Stepping ~*~*~tactically~*~*~ (hiding).
  6393 | D:7      | 6393 ||| DRINKING potion of curing.
  6393 | D:7      | 6393 ||| (to cure confusion)
  6404 | D:7      | 6404 ||| Stepping ~*~*~tactically~*~*~ (stealth).
  6406 | D:7      | 6406 ||| Stepping ~*~*~tactically~*~*~ (stealth).
  6407 | D:7      | 6407 ||| Stepping ~*~*~tactically~*~*~ (stealth).
  6414 | D:7      | HP: 5/55 [orc warrior/+0 war axe (11)]
  6415 | D:7      | 6415 ||| READING 2 scrolls of teleportation.
  6415 | D:7      | HP: 1/55 [orc warrior/+0 war axe (4)]
  6415 | D:7      | Slain by an orc warrior

Levels and vault maps discovered:
D:1:      lemuel_arrival_funnel, layout_basic, ebering_ecumenical_altar_hall,
          minmay_stone_trees_medium, minmay_tetromino_s2
D:2:      layout_basic, hangedman_decor_clover_reticule,
          minmay_misc_feat_four_crosses, uniq_jessica, uniq_terence
D:3:      layout_rooms, mainiacjoe_overflow_catwalk
D:4:      layout_rooms
D:5:      layout_basic, portal_sewer_entry_e
D:6:      layout_basic, nicolae_overflow_hidden_temple
D:7:      layout_loops_cross, minmay_temple_entry_gardened_gates,
          kennysheep_decorative_pillar
Temple:   nicolae_temple_bog_church

Skill      XL: |  1  2  3  4  5  6  7  8  9 |
---------------+----------------------------+-----
Axes           | 2 3 4 5 6 7 8 9 |  9.1
Fighting       | 4 5 6 |  6.0
Dodging        | 1 |  1.8
Armour         | 4 |  4.3
Shields        | 4 |  4.0

Action                   |  1- 3 |  4- 6 |  7- 9 || total
-------------------------+-------+-------+-------++-------
Melee: War axe           |   155 |   151 |   212 ||   518
  Use: Scroll            |     3 |    12 |     7 ||    22
       Potion            |       |       |     1 ||     1
Armor: Scale mail        |    94 |    13 |       ||   107
       Chain mail        |       |    70 |   177 ||   247
Dodge: Dodged            |    75 |    52 |    75 ||   202
Block: Buckler           |    33 |    22 |    28 ||    83

Table legend:
 A = Non-vault XP
 B = Vault XP
 C = Vault XP percentage of total XP
 D = Non-vault monster count
 E = Vault monster count
 F = Vault count percentage of total count
                 A         B        C        D         E       F
            +---------+---------+-------+---------+---------+-------
      Total |    2563 |      96 |   3.6 |     109 |      10 |   8.4
            +---------+---------+-------+---------+---------+-------
        D:1 |      42 |       0 |   0.0 |      20 |       0 |   0.0
        D:2 |      78 |      75 |  49.0 |      18 |       2 |  10.0
        D:3 |     126 |       0 |   0.0 |      24 |       0 |   0.0
        D:4 |      67 |       0 |   0.0 |      12 |       0 |   0.0
        D:5 |    1083 |      21 |   1.9 |      15 |       8 |  34.8
        D:6 |     879 |       0 |   0.0 |      14 |       0 |   0.0
        D:7 |     288 |       0 |   0.0 |       6 |       0 |   0.0
            +---------+---------+-------+---------+---------+-------
